Map: King Sejong Station LE

Players

Miszu - Winner!

  • Race: Protoss Protoss
  • League: Master

KiLLJoy

  • Race: Zerg Zerg
  • League: Master

VOD

Have the link to the VOD?

Description

Time

  • Played on: June 1, 2016, 4:15 p.m.
  • Length: 19:52
Show
View Real Time Build Order
Export as new Build Order

Miszu Protoss - Winner!

Build Orders: 1 Gate Expand, Oracle Opening 

Get SALT Encoding   

  12  0:04  Probe (Chrono Boost)  
  13  0:15  Probe (Chrono Boost)  
  13  0:18  Pylon  
  14  0:26  Probe (Chrono Boost)  
  15  0:37  Probe (Chrono Boost)  
  15  0:41  Gateway  
  16  0:47  Assimilator, Probe (Chrono Boost)  
  17  0:58  Probe (Chrono Boost)  
  18  1:08  Probe (Chrono Boost)  
  19  1:20  Nexus  
  19  1:28  Probe (Chrono Boost)  
  20  1:36  Cybernetics Core  
  20  1:38  Probe (Chrono Boost)  
  21  1:49  Probe (Chrono Boost)  
  21  1:53  Assimilator  
  22  1:59  Probe (Chrono Boost)  
  23  2:21  Pylon  
  23  2:25  Warp Gate  
  23  2:31  Adept  
  23  2:32  Probe (Chrono Boost)  
  23  2:33  Probe (Chrono Boost)  
  23  2:35  Pylon  
  27  2:39  Pylon  
  27  2:43  Probe (Chrono Boost)  
  28  2:44  Stargate  
  28  2:46  Probe (Chrono Boost)  
  29  2:53  Probe (Chrono Boost)  
  29  2:56  Probe (Chrono Boost)  
  31  3:04  Probe (Chrono Boost)  
  32  3:07  Mothership Core (Chrono Boost)  
  34  3:14  Probe (Chrono Boost)  
  35  3:25  Probe x2 (Chrono Boost)  
  37  3:29  Oracle (Chrono Boost)  
  40  3:34  Probe  
  40  3:35  Assimilator  
  40  3:36  Probe, Assimilator  
  42  3:45  Probe  
  42  3:47  Stargate  
  43  3:48  Probe  
  43  3:50  Forge  
  43  3:52  Adept, Pylon  
  46  4:09  Probe  
  46  4:10  Oracle (Chrono Boost), Probe  
  51  4:19  Probe  
  51  4:22  Probe  
  53  4:27  Nexus  
  53  4:30  Probe  
  53  4:31  Pylon  
  54  4:44  Pylon  
  54  4:46  Pylon  
  54  4:50  Probe  
  58  4:54  Oracle (Chrono Boost), Probe  
  58  4:58  Oracle (Chrono Boost)  
  62  5:12  Probe  
  63  5:14  Stargate  
  63  5:17  Fleet Beacon  
  63  5:25  Probe  
  64  5:29  Probe  
  64  5:30  Oracle (Chrono Boost)  
  68  5:37  Probe x2  
  68  5:40  Probe  
  71  5:48  Probe  
  71  5:49  Probe  
  73  5:50  Probe  
  74  5:58  Probe  
  74  6:01  Probe  
  74  6:02  Probe  
  86  6:12  Carrier (Chrono Boost)  
  86  6:16  Tempest (Chrono Boost)  
  86  6:17  Probe  
  87  6:22  Pylon  
  87  6:25  Pylon  
  83  6:26  Pylon x2  
  83  6:28  Pylon  
  83  6:31  Oracle (Chrono Boost)  
  85  6:35  Assimilator  
  85  6:38  Pylon  
  85  6:39  Probe x2  
  85  6:40  Probe  
  88  6:49  Probe  
  92  6:55  Oracle (Chrono Boost)  
  92  6:56  Pylon  
  92  7:04  Tempest (Chrono Boost)  
  92  7:05  Probe x3  
  99  7:09  Assimilator  
  99  7:17  Probe  
  99  7:18  Photon Cannon, Probe x2  
  99  7:19  Photon Cannon  
  102  7:29  Probe  
  107  7:30  Probe  
  107  7:32  Tempest (Chrono Boost)  
  108  7:40  Tempest (Chrono Boost)  
  108  7:41  Tempest (Chrono Boost)  
  116  7:57  Photon Cannon  
  116  8:01  Photon Cannon  
  116  8:02  Photon Cannon  
  116  8:07  Pylon  
  120  8:15  Tempest (Chrono Boost)  
  120  8:18  Tempest (Chrono Boost)  
  124  8:26  Nexus  
  124  8:32  Tempest (Chrono Boost)  
  128  8:35  Pylon  
  128  8:47  Protoss Air Weapons Level 1  
  128  8:55  Tempest (Chrono Boost), Photon Cannon  
  136  8:56  Photon Cannon  
  136  8:57  Tempest (Chrono Boost)  
  136  9:02  Photon Cannon x2  
  136  9:03  Photon Cannon  
  136  9:04  Photon Cannon  
  136  9:05  Photon Cannon  
  136  9:08  Pylon  
  136  9:32  Tempest x2 (Chrono Boost)  
  148  9:39  Photon Cannon  
  148  9:40  Tempest (Chrono Boost)  
  148  9:45  Pylon  
  148  9:46  Twilight Council  
  148  9:57  Photon Cannon  
  148  10:00  Photon Cannon  
  148  10:01  Photon Cannon  
  148  10:04  Assimilator  
  148  10:07  Assimilator  
  148  10:29  Tempest x2 (Chrono Boost)  
  148  10:34  Tempest (Chrono Boost)  
  160  11:01  Templar Archives  
  160  11:03  Gateway  
  160  11:06  Robotics Facility, Gateway, Pylon  
  160  11:09  Gateway  
  160  11:10  Gateway  
  160  11:13  Gateway  
  160  11:16  Tempest x2 (Chrono Boost)  
  160  11:17  Tempest (Chrono Boost)  
  172  11:22  Pylon  
  172  11:33  Protoss Air Weapons Level 2  
  172  11:36  Photon Cannon  
  172  11:37  Photon Cannon  
  172  11:38  Psionic Storm  
  172  11:52  Pylon  
  172  11:53  Pylon  
  178  12:04  High Templar, Pylon  
  180  12:09  Warp Prism  
  180  12:11  Robotics Facility, Charge  
  180  12:14  Protoss Ground Weapons Level 1  
  182  12:18  Cybernetics Core  
  182  12:24  High Templar  
  182  12:25  High Templar x2  
  188  12:41  High Templar  
  190  12:47  Nexus, Pylon, Photon Cannon  
  190  12:49  Photon Cannon  
  190  12:50  Photon Cannon  
  190  12:51  Photon Cannon x2  
  190  13:06  Photon Cannon x2  
  190  13:08  Photon Cannon  
  190  13:10  Photon Cannon  
  190  13:39  Photon Cannon  
  190  13:40  Zealot x4  
  190  13:41  Photon Cannon  
  198  13:42  Pylon  
  198  13:44  Pylon  
  198  13:46  Observer  
  198  13:47  Observer  
  200  13:52  Assimilator  
  200  13:54  Assimilator  
  158  15:01  Mothership Core  
  160  15:12  Warp Prism x2  
  164  15:17  High Templar  
  164  15:18  High Templar x3  
  172  15:22  High Templar x2  
  172  15:26  Archon x2  
  176  15:39  Photon Cannon  
  176  15:40  Photon Cannon  
  176  15:42  Protoss Ground Weapons Level 2  
  176  15:49  Observer x2  
  178  15:50  Photon Cannon  
  184  17:04  Zealot x5  
  184  17:05  Zealot  
  192  17:24  Warp Prism x2  
  176  17:49  Tempest x2 (Chrono Boost)  
  188  17:55  Tempest (Chrono Boost)  
  184  18:05  High Templar x2  
  180  18:34  Archon  
  180  19:08  Zealot x6  
  190  19:11  Pylon  
  190  19:12  Nexus  
Show
View Real Time Build Order
Export as new Build Order

KiLLJoy Zerg 

Build Orders: Hatch First 

Get SALT Encoding   

  12  0:01  Drone  
  13  0:12  Overlord  
  13  0:21  Drone  
  14  0:31  Drone x2  
  16  0:52  Hatchery  
  16  0:55  Drone  
  16  0:57  Drone  
  17  1:10  Extractor  
  16  1:11  Drone  
  17  1:20  Spawning Pool  
  17  1:21  Drone  
  17  1:25  Drone  
  18  1:30  Drone  
  19  1:39  Drone  
  20  1:51  Overlord  
  20  2:02  Drone  
  20  2:06  Drone  
  20  2:07  Queen x2  
  26  2:11  Drone  
  26  2:15  Drone  
  28  2:22  Drone  
  29  2:25  Drone  
  30  2:37  Overlord  
  30  2:39  Drone  
  30  2:43  Pneumatized Carapace, Queen, Drone  
  34  2:47  Drone  
  35  2:58  Roach Warren  
  34  3:00  Spine Crawler  
  34  3:04  Overlord  
  33  3:05  Drone  
  33  3:06  Drone  
  33  3:08  Extractor  
  33  3:10  Drone  
  36  3:15  Drone  
  36  3:17  Drone  
  36  3:18  Drone  
  39  3:23  Drone x2  
  39  3:26  Queen  
  43  3:39  Overlord  
  43  3:40  Drone  
  44  3:42  Drone  
  44  3:44  Hatchery  
  44  3:45  Drone  
  44  3:46  Drone  
  46  3:52  Spore Crawler  
  46  3:54  Spore Crawler  
  46  3:55  Drone x2  
  46  4:00  Spore Crawler  
  46  4:02  Drone  
  46  4:18  Drone  
  46  4:19  Spore Crawler  
  46  4:24  Drone x2  
  44  4:25  Drone x2  
  44  4:30  Lair  
  47  4:31  Drone  
  47  4:36  Evolution Chamber  
  47  4:51  Roach x6  
  59  4:57  Roach  
  59  4:59  Roach  
  63  5:03  Spore Crawler  
  62  5:12  Spore Crawler  
  58  5:24  Drone x2  
  58  5:25  Drone x2  
  58  5:27  Drone  
  62  5:29  Zerg Ground Armor Level 1  
  62  5:31  Drone  
  62  5:32  Drone  
  64  5:36  Overlord x2  
  64  5:37  Drone  
  64  5:38  Drone  
  66  5:54  Overlord  
  66  5:57  Spore Crawler  
  64  6:08  Drone  
  65  6:21  Roach x5  
  65  6:23  Glial Reconstitution  
  65  6:25  Drone x2  
  72  6:26  Hydralisk Den  
  72  6:27  Extractor  
  72  6:29  Drone  
  72  6:30  Extractor, Drone  
  72  6:31  Drone x3  
  72  6:32  Drone x7  
  70  6:43  Infestation Pit  
  70  6:44  Drone  
  70  6:46  Overlord  
  70  6:47  Overlord  
  70  6:55  Extractor x2  
  70  6:57  Muscular Augments  
  70  6:58  Drone x3  
  70  6:59  Drone x3  
  70  7:00  Overlord x2  
  74  7:13  Drone x3  
  74  7:14  Drone x4  
  81  7:20  Pathogen Glands  
  81  7:22  Overlord x2  
  81  7:23  Zerg Missile Weapons Level 1  
  83  7:30  Roach x8  
  97  7:38  Drone  
  97  7:39  Drone x2  
  100  7:46  Hydralisk x3  
  106  7:57  Overlord x2  
  106  8:00  Infestor x2  
  106  8:03  Hydralisk x3  
  116  8:05  Hydralisk  
  116  8:09  Drone x3  
  121  8:15  Overlord x3  
  121  8:24  Extractor  
  120  8:28  Extractor, Hatchery  
  120  8:30  Hydralisk x4  
  120  8:31  Hydralisk x4  
  134  8:45  Drone  
  134  8:46  Drone x3  
  134  8:47  Hydralisk x2  
  134  8:48  Hydralisk  
  142  8:49  Hydralisk  
  142  8:52  Roach x3  
  142  8:55  Overseer  
  152  9:00  Overlord x2  
  152  9:01  Hydralisk x2  
  152  9:28  Spire  
  152  9:29  Spire, Drone x3  
  152  9:30  Drone x3  
  152  9:31  Drone x2  
  154  9:32  Drone  
  153  9:40  Roach x5  
  153  9:41  Roach  
  153  9:43  Roach  
  153  9:44  Roach  
  169  9:47  Hatchery  
  168  10:09  Roach x5  
  168  10:10  Roach x6  
  168  10:11  Extractor  
  168  10:12  Extractor  
  184  10:24  Drone  
  184  10:25  Drone x3  
  184  10:26  Drone x3  
  184  10:27  Drone x6  
  193  10:31  Drone  
  178  10:53  Zerg Flyer Weapons Level 1, Zerg Flyer Armor Level 1  
  178  10:55  Metabolic Boost  
  154  10:57  Zerg Melee Weapons Level 1  
  142  11:10  Drone x2  
  140  11:14  Spore Crawler, Drone x4  
  140  11:15  Spore Crawler  
  140  11:17  Spore Crawler  
  140  11:18  Spore Crawler  
  140  11:20  Burrow  
  140  11:28  Spore Crawler  
  140  11:30  Spore Crawler  
  132  11:33  Corruptor  
  132  11:34  Corruptor x15  
  158  11:45  Corruptor x3  
  156  11:47  Corruptor  
  140  12:07  Corruptor  
  140  12:08  Corruptor x6  
  150  12:09  Corruptor  
  156  12:35  Hive  
  156  12:36  Overlord  
  156  12:37  Corruptor  
  156  12:38  Corruptor x6  
  156  12:43  Corruptor  
  172  13:06  Zerg Flyer Weapons Level 2, Zerg Flyer Armor Level 2  
  172  13:07  Corruptor  
  172  13:08  Corruptor x2  
  172  13:12  Corruptor  
  180  13:16  Zergling x2, Spore Crawler x2  
  180  13:17  Zergling x6  
  180  13:18  Zergling x10  
  180  13:19  Zergling x2  
  188  13:36  Corruptor x4  
  188  13:37  Corruptor x2  
  200  13:44  Overseer  
  184  14:18  Corruptor x2  
  184  14:20  Corruptor  
  184  14:21  Corruptor x5  
  184  14:58  Corruptor x6  
  184  14:59  Corruptor x5  
  194  15:01  Corruptor  
  194  15:09  Infestor  
  192  15:29  Zergling x2  
  192  15:30  Corruptor x4, Hatchery  
  192  15:31  Extractor  
  192  15:33  Extractor  
  191  15:57  Extractor  
  190  16:00  Spore Crawler  
  190  16:01  Spore Crawler  
  190  16:02  Spore Crawler  
  187  16:29  Zergling x4  
  187  16:30  Zergling x4  
  191  16:39  Zerg Flyer Weapons Level 3, Zerg Flyer Armor Level 3  
  191  16:40  Corruptor x4  
  196  16:58  Infestor  
  194  17:15  Zergling x16  
  195  17:21  Roach  
  195  17:22  Corruptor x3, Roach x2  
  191  17:23  Corruptor  
  195  17:42  Roach  
  195  17:43  Roach x17  
  172  17:45  Hydralisk  
  172  17:46  Hydralisk x10  
  172  17:47  Hydralisk, Roach x5  
  154  18:04  Hydralisk x2  
  154  18:05  Hydralisk x4  
  153  18:21  Hydralisk  
  153  18:22  Hydralisk x5  
  163  18:29  Extractor  
  163  18:31  Hydralisk  
  163  18:32  Hydralisk x2  
  165  18:44  Drone  
  165  18:46  Hydralisk x3  
  165  18:47  Hydralisk, Roach x3  
  149  19:24  Hydralisk x4  
  133  19:25  Roach x3  
Tags
 
Add a new tag
Caveats
  • Supply blocks, unpowered buildings, or Contaminate may cause inaccurate times.
  • Supply counts are checked every 10 seconds.